 Dungeon Crawl Stone Soup version 0.29.0-7-g18a832c13a (webtiles) character file.

Game seed: 2644830080222061277

4426 Zeldest the Carver (level 10, -5/61 (63) HPs)
             Began as a Tengu Gladiator on Aug 30, 2022.
             Was a Priest of Okawaru.
             Slain by a wight
             ... wielding a +4 long sword
              (7 damage)
             ... on level 8 of the Dungeon.
             The game lasted 00:20:36 (9260 turns).

Zeldest the Carver (Tengu Gladiator)                Turns: 9260, Time: 00:20:37

HP:   -5/61 (63)    AC:  9    Str: 15    XL:     10   Next: 36%
MP:   14/14         EV: 23    Int:  8    God:    Okawaru [***...]
Gold: 622           SH:  0    Dex: 20    Spells: 9/9 levels left

rFire   . . .      SeeInvis .   u - +0 falchion (vorpal)
rCold   . . .      Faith    .   (no shield)
rNeg    . . .      Spirit   .   v - +1 ring mail {Will+}
rPois   .          Reflect  .   c - +0 hat
rElec   .          Harm     .   s - +1 cloak
rCorr   .          Rampage  .   m - +0 pair of gloves
Will    ++...                   (boots unavailable)
Stlth   +.........              (no amulet)
HPRegen 0.20/turn               H - +4 ring of evasion
MPRegen 0.14/turn               C - ring of willpower

@: flying quickly and evasively, lightly drained, quick
A: beak, talons 3, nimble flight
a: Renounce Religion, Heroism


You were on level 8 of the Dungeon.
You worshipped Okawaru.
Okawaru was most pleased with you.
You visited 2 branches of the dungeon, and saw 9 of its levels.

You collected 622 gold pieces.

Inventory:

Hand Weapons
 b - a +1 short sword of venom
 u - a +0 vorpal falchion (weapon)
Missiles
 d - 3 throwing nets (quivered)
 e - a javelin
 F - 29 poisoned darts
Armour
 c - a +0 hat (worn)
 m - a +0 pair of gloves (worn)
 s - a +1 cloak (worn)
 v - a +1 ring mail of willpower (worn)
Jewellery
 y - a ring of positive energy
 C - a ring of willpower (right hand)
 H - a +4 ring of evasion (left hand)
Wands
 p - a wand of polymorph (1)
Scrolls
 h - a scroll of immolation
 i - 4 scrolls of fog {unknown}
 j - a scroll of silence {unknown}
 l - 3 scrolls of enchant armour {unknown}
 o - a scroll of brand weapon {unknown}
 t - a scroll of poison {unknown}
 w - 2 scrolls of enchant weapon {unknown}
 z - 2 scrolls of amnesia {unknown}
 A - 3 scrolls of magic mapping {unknown}
 B - 2 scrolls of blinking {unknown}
 D - a scroll of vulnerability {unknown}
 E - 5 scrolls of teleportation
 I - a scroll of noise {unknown}
Potions
 f - 2 potions of magic
 k - 9 potions of curing
 n - a potion of attraction {unknown}
 q - 2 potions of mutation
 r - a potion of ambrosia
 x - 2 potions of lignification


   Skills:
 + Level 7.2 Fighting
 * Level 11.3 Long Blades
 - Level 2.0 Throwing
 + Level 8.4 Dodging
 + Level 4.1 Invocations


You had 9 spell levels left.
You didn't know any spells.
Your spell library contained the following spells:

 Spells                   Type           Power      Damage    Failure   Level
 Sting                    Tmut/Pois      0%         1d3       65%         1
 Blink                    Tloc           0%         N/A       78%         2
 Poisonous Vapours        Pois/Air       0%         N/A       78%         2
 Lesser Beckoning         Tloc           0%         N/A       95%         3
 Olgreb's Toxic Radiance  Pois           0%         N/A       100%        4
 Blade Hands              Tmut           0%         N/A       100%        5
 Manifold Assault         Tloc           0%         N/A       100%        5
 Iron Shot                Conj/Erth      0%         9d1       100%        6
 Animate Armour           Summ/Erth      Unusable   N/A       N/A         4

Dungeon Overview and Level Annotations

Branches:
Dungeon (8/15)             Temple (1/1) D:6
   Lair: D:8-11

Altars:
Ashenzari
Cheibriados
Dithmenos
Elyvilon
Fedhas
Gozag
Hepliaklqana
Kikubaaqudgha
Makhleb
Nemelex Xobeh
Okawaru
Qazlal
Ru
Sif Muna
Trog
Uskayaw
Vehumet
Wu Jian
Xom
Zin
The Shining One


Innate Abilities, Weirdness & Mutations

You have a beak for a mouth.
You have claws for feet.
Your magical nature lets you fly swiftly and evasively.


Message History

The centaur warrior completely misses you.
The centaur warrior kicks you.
Aiming: Corrosive Bolt
Press: ? - help, Shift-Dir - straight line, f/p - centaur warrior
Aim: a centaur warrior (moderately wounded, covered in acid, 79% to hit)
The bolt of acid hits the centaur warrior!
The centaur warrior is heavily wounded.
The centaur warrior closely misses you. The centaur warrior misses you. x2
The centaur warrior kicks you but does no damage.
Aiming: Corrosive Bolt
Press: ? - help, Shift-Dir - straight line, f/p - centaur warrior
Aim: a centaur warrior (heavily wounded, covered in acid, 79% to hit)
The bolt of acid hits the centaur warrior!
The centaur warrior is severely wounded.
The centaur warrior hits you but does no damage.
The centaur warrior completely misses you.
Aiming: Corrosive Bolt
Press: ? - help, Shift-Dir - straight line, f/p - centaur warrior
Aim: a centaur warrior (severely wounded, covered in acid, 79% to hit)
The bolt of acid hits the centaur warrior!
The centaur warrior seems to be corroded for longer.
The centaur warrior is almost dead.
The now-empty wand crumbles to dust.
The centaur warrior hits you! The centaur warrior closely misses you.
The wight completely misses you.
The centaur warrior completely misses you.
The centaur warrior kicks you.
You closely miss the centaur warrior.
The centaur warrior is almost dead.
The wight hits you with a +4 long sword!
* * * LOW HITPOINT WARNING * * *
You feel drained.
* * * LOW HITPOINT WARNING * * *
The centaur warrior hits you!
* * * LOW HITPOINT WARNING * * *
The centaur warrior kicks you but does no damage.
You hit the centaur warrior. You claw the centaur warrior.
You kill the centaur warrior!
Okawaru is honoured by your kill.
The wight hits you with a +4 long sword!
You die...

(.....o.....................#####
#####...#####....########..####..
....###....[.......#######.#....#
....####'#####...#.....##......##
....#......<...........##......##
....#............####..##......##
....#...............#..##......##
............#####)..#.....#######
............'..z@.........# #
............#####...###..########
...########## #........#.......
...# ######....##.##....... ...#
#.........#..##...~... ...#
#.......#...###...~... ...#
#..........## #....... ~†.#
#..........## #....... ~..#
#......>....# #.......


You could see a wight.

Vanquished Creatures
  A centaur warrior (D:8)
  A tengu warrior (D:8)
  An ugly thing (D:8)
  4 yaks
  A steam dragon (D:8)
  A water moccasin (D:7)
  Duvessa (D:4)
  2 orc warriors
  An ice beast (D:8)
  A sky beast (D:8)
  2 centaurs
  A phantom (D:5)
  3 kobold brigands (D:8)
  2 bullfrogs
  6 scorpions
  A necrophage (D:6)
  Dowan (D:4)
  A wight (D:8)
  2 electric eels (D:8)
  4 hounds
  2 jellies
  6 orc priests (D:8)
  A gnoll bouda (D:7)
  Crazy Yiuf (D:2)
  4 iguanas
  Natasha (thrice) (D:2)
  8 orc wizards
  11 adders
  5 gnolls (D:7)
  3 shadow imps
  A white imp (D:5)
  5 ufetubi
  A worm (D:3)
  3 dart slugs
  17 orcs
  4 ball pythons
  5 bats
  5 endoplasms
  6 goblins
  4 hobgoblins
  11 kobolds
  4 quokkas
  5 frilled lizards
  5 rats
157 creatures vanquished.

Vanquished Creatures (others)
  A white imp (D:8)
  8 plants (D:8)
9 creatures vanquished.

Grand Total: 166 creatures vanquished

Notes
Turn   | Place    | Note
-------+----------+-------------------------------------------
     0 | D:1      | Zeldest the Tengu Gladiator began the quest for the Orb.
     0 | D:1      | Reached XP level 1. HP: 12/12 MP: 2/2
   145 | D:1      | Reached XP level 2. HP: 16/17 MP: 3/3
   513 | D:2      | Found a runed translucent door.
   514 | D:2      | Noticed Crazy Yiuf
   549 | D:2      | Reached skill level 4 in Long Blades
   549 | D:2      | Reached XP level 3. HP: 19/22 MP: 4/4
  1054 | D:2      | Noticed Natasha
  1067 | D:2      | Killed Natasha
  1068 | D:2      | Reached XP level 4. HP: 4/27 MP: 5/5
  1670 | D:2      | Noticed Natasha
  1679 | D:2      | Killed Natasha
  1680 | D:2      | Gained mutation: Your magical nature lets you fly swiftly
                  | and evasively. [Tengu growth]
  1680 | D:2      | Reached XP level 5. HP: 10/32 MP: 6/6
  2042 | D:2      | Noticed Natasha
  2048 | D:2      | Killed Natasha
  2049 | D:2      | Reached skill level 5 in Long Blades
  2118 | D:2      | Killed Crazy Yiuf
  3336 | D:3      | Reached XP level 6. HP: 37/37 MP: 7/7
  3563 | D:4      | Noticed Duvessa
  3563 | D:4      | Noticed Dowan
  3678 | D:4      | Killed Duvessa
  3679 | D:4      | Reached skill level 6 in Long Blades
  3704 | D:4      | Killed Dowan
  3845 | D:4      | Noticed Blork the orc
  3848 | D:4      | Noticed Blork
  3848 | D:4      | Blork the orc changed into Blork the frilled lizard
  3848 | D:4      | Noticed Eustachio
  3849 | D:4      | Killed Blork the frilled lizard
  3851 | D:4      | Noticed Eustachio
  3851 | D:4      | Eustachio changed into Eustachio the centaur
  3857 | D:4      | Killed Eustachio the centaur
  3858 | D:4      | Reached skill level 5 in Dodging
  3858 | D:4      | Reached XP level 7. HP: 31/43 MP: 8/8
  4454 | D:5      | Entered Level 5 of the Dungeon
  4460 | D:5      | Reached skill level 7 in Long Blades
  4738 | D:5      | Reached XP level 8. HP: 46/48 MP: 9/9
  4929 | D:5      | Reached skill level 8 in Long Blades
  4962 | D:5      | Reached skill level 5 in Fighting
  5643 | D:6      | Found a glowing silver altar of Zin.
  5732 | D:6      | Found a shadowy altar of Dithmenos.
  6001 | D:6      | Found a staircase to the Ecumenical Temple.
  6054 | Temple   | Entered the Ecumenical Temple
  6123 | Temple   | Became a worshipper of Warmaster Okawaru
  6528 | D:7      | Noticed a yak
  6528 | D:7      | Noticed a yak
  6528 | D:7      | Noticed a yak
  6559 | D:7      | Killed a yak
  6560 | D:7      | Reached skill level 9 in Long Blades
  6560 | D:7      | Reached skill level 1 in Invocations
  6721 | D:7      | Reached XP level 9. HP: 38/55 MP: 10/10
  7285 | D:7      | Reached * piety under Okawaru
  7570 | D:7      | Found a hazy altar of Hepliaklqana.
  7580 | D:7      | Found a sparkling altar of Nemelex Xobeh.
  7592 | D:7      | Reached skill level 10 in Long Blades
  7681 | D:7      | Found an ancient bone altar of Kikubaaqudgha.
  8191 | D:8      | Noticed a green ugly thing
  8202 | D:8      | Killed a green ugly thing
  8204 | D:8      | Noticed a tengu warrior
  8217 | D:8      | HP: 2/56 [orc priest/divine providence (10)]
  8275 | D:8      | Killed a tengu warrior
  8275 | D:8      | Reached ** piety under Okawaru
  8276 | D:8      | Reached skill level 11 in Long Blades
  8276 | D:8      | Reached XP level 10. HP: 58/63 MP: 13/13
  8966 | D:8      | Reached *** piety under Okawaru
  9250 | D:8      | Noticed a centaur warrior
  9259 | D:8      | HP: 2/61 [centaur warrior (8)]
  9260 | D:8      | Killed a centaur warrior
  9260 | D:8      | Slain by a wight

Illustrated notes

Levels and vault maps discovered:
D:1:      minmay_arrival_split_and_join, layout_rooms, minmay_misc_feat_tower,
          hex_tiny
D:2:      layout_rooms, st_stairs_13, due_unseen_surprise, uniq_natasha,
          uniq_crazy_yiuf_cottage
D:3:      layout_loops_ring, grunt_ministairs_3
D:4:      layout_basic, uniq_duvessa, uniq_eustachio, uniq_blork_the_orc
D:5:      layout_loops_ring
D:6:      layout_basic, zin_statuary, mainiacjoe_overflow_paths,
          minmay_temple_entry_enclosed_plants
D:7:      layout_rooms, mainiacjoe_overflow_24_doors,
          mainiacjoe_overflow_catwalk_spiral
D:8:      wad_statue_garden, layout_basic, hangedman_decor_opposing
Temple:   kb_temple_of_zot

Skill      XL: |  1  2  3  4  5  6  7  8  9 10 |
---------------+-------------------------------+-----
Long Blades    | 4 5 6 7 9 11 | 11.3
Dodging        | 4 5 6 8 |  8.4
Fighting       | 3 4 5 7 |  7.2
Invocations    | 1 3 4 |  4.1
Throwing       | |  2.0

Action                   |  1- 3 |  4- 6 |  7- 9 | 10-12 || total
-------------------------+-------+-------+-------+-------++-------
Melee: Long sword        |    53 |   107 |   278 |    85 ||   523
       Peck              |     4 |    16 |    60 |    24 ||   104
       Kick              |    11 |    30 |    90 |    35 ||   166
       Punch             |       |     2 |     6 |       ||     8
       Short sword       |       |     6 |     8 |       ||    14
       Unarmed           |       |     1 |       |       ||     1
       Falchion          |       |       |       |     9 ||     9
Throw: Dart              |       |       |    13 |       ||    13
       Throwing net      |       |       |     2 |       ||     2
Evoke: Wand              |       |     4 |       |     5 ||     9
  Use: Scroll            |     2 |     5 |     8 |       ||    15
       Potion            |       |     1 |     7 |       ||     8
 Stab: Sleeping          |     2 |     1 |       |       ||     3
       Distracted        |     1 |       |       |       ||     1
       Held in net/web   |       |       |     1 |       ||     1
Armor: Leather armour    |     9 |     9 |       |       ||    18
       Scale mail        |       |    12 |       |       ||    12
       Ring mail         |       |     7 |    61 |    17 ||    85
Dodge: Dodged            |    33 |    85 |   228 |    75 ||   421
